 Dungeon Crawl Stone Soup version 0.31-a0-236-g9a0961fb85 (webtiles) character file.

Game seed: 967868594638633685

552 qw the Shooter (level 7, -8/44 HPs)
             Began as a Gargoyle Hexslinger on July 10, 2023.
             Mangled by a gnoll
             ... wielding a +0 halberd
             ... led by a gnoll bouda
              (11 damage)
             ... on level 4 of the Dungeon.
             The game lasted 00:01:06 (2782 turns).

qw the Shooter (Gargoyle Hexslinger)                Turns: 2782, Time: 00:01:06

Health: -8/44      AC: 12    Str: 12    XL:     7   Next: 29%
Magic:  8/8        EV: 10    Int: 13    God:
Gold:   195        SH:  0    Dex: 14    Spells: 7/8 levels left

rFire   . . .        Y - +2 sling (drain)
rCold   . . .        (no shield)
rNeg    + . .        g - +0 ring mail
rPois   inf          i - +1 helmet
rElec   +            (no cloak)
rCorr   .            (no gloves)
SInv    .            (no boots)
Will    .....        (no amulet)
Stlth   +            (no ring)
HPRegen 0.27/turn    (no ring)
MPRegen 0.11/turn

%: no passive effects
@: no status effects
A: sickness immunity, AC +4, negative energy resistance 1, electricity
resistance, torment resistance 1, petrification resistance
a: no special abilities


You were on level 4 of the Dungeon.
You visited 1 branch of the dungeon, and saw 4 of its levels.

You collected 195 gold pieces.


Innate Abilities, Weirdness & Mutations

You are immune to sickness and miasma.
Your stone body is resilient. (AC +4)
You are immune to poison.
You resist negative energy. (rN+)
You are resistant to electric shocks. (rElec)
You are resistant to unholy torment.
You are immune to petrification.


   Skills:
 - Level 4.5 Fighting
 + Level 6.4 Ranged Weapons
 - Level 1.0 Armour
 - Level 1.5 Dodging
 - Level 1.0 Spellcasting
 - Level 2.6 Hexes


You had 7 spell levels left.
You knew the following spells:

 Your Spells              Type           Power      Damage    Failure   Level
a - Slow                  Hex            28%        N/A       22%         1

Your spell library contained the following spells:

 Spells                   Type           Power      Damage    Failure   Level
 Inner Flame              Hex/Fire       4%         N/A       73%         3
 Portal Projectile        Hex/Tloc       8%         N/A       73%         3
 Cause Fear               Hex            3%         N/A       91%         4

Inventory:

Hand Weapons
 Y - a +2 sling of draining (weapon)
Armour
 g - a +0 ring mail (worn)
 i - a +1 helmet (worn)
Jewellery
 c - a ring of ice
 e - the amulet of Cioreemp {Reflect Harm Regen+ Int+2 SH+5}
   (You acquired it on level 3 of the Dungeon)

   [amulet of reflection]

   It reflects blocked missile attacks.
   Int:       It affects your intelligence (+2).
   Regen:     It increases your rate of health regeneration.
   SH:        It affects your SH (+5).
   Harm:      It increases damage dealt and taken.
 h - a ring of fire
Scrolls
 a - 3 scrolls of identify
Potions
 b - a potion of curing
 d - a potion of attraction {unknown}
 f - a potion of ambrosia {unknown}
 j - a potion of haste {unknown}
 k - a potion of brilliance {unknown}

Dungeon Overview and Level Annotations

Branches:
Dungeon (4/15)
 Temple: D:4-7

Altars:
Uskayaw

Shops:
D:1 (

Annotations:
D:2 1 runed translucent door, Crazy Yiuf
D:3 1 runed translucent door, qw's ghost, amateur MiHs


Message History

Your attacks no longer feel as feeble.
The gnoll closely misses you. The gnoll barely misses you.
The gnoll hits you but does no damage. The gnoll bouda barely misses you.
The gnoll hits you but does no damage. The gnoll barely misses you. x2
You shoot a sling bullet. The sling bullet hits the gnoll bouda.
You drain the gnoll bouda.
The gnoll bouda is almost dead.
A jackal comes into view.
The gnoll bouda utters an invocation to its god.
The gnoll bouda is healed somewhat.
The gnoll hits you from afar with a +2 spear of flaming.
The gnoll burns you. The gnoll misses you. The gnoll barely misses you. x2
You shoot a sling bullet. The sling bullet hits the gnoll bouda.
The gnoll bouda is almost dead.
The gnoll is no longer moving quickly.
The gnoll bouda barks out a call to the hunt!
The gnoll picks up the pace!
The gnoll hits you from afar with a +2 spear of flaming.
The gnoll burns you. The gnoll hits you but does no damage.
The gnoll closely misses you. The gnoll misses you.
The gnoll hits you but does no damage. The gnoll bouda barely misses you.
You shoot a sling bullet. The sling bullet hits the gnoll bouda!
You kill the gnoll bouda!
The gnoll is no longer moving quickly. x2; The gnoll barely misses you.
The gnoll hits you from afar with a +0 halberd!
The gnoll hits you but does no damage. The gnoll closely misses you.
The jackal barely misses you.
You shoot a sling bullet. The sling bullet hits the gnoll.
You drain the gnoll.
The gnoll is heavily wounded.
The gnoll hits you but does no damage. x3; The gnoll barely misses you.
The jackal bites you. The gnoll hits you but does no damage.
You shoot a sling bullet. The sling bullet hits the gnoll.
The gnoll is severely wounded.
The jackal bites you. The gnoll barely misses you. x2
The jackal bites you but does no damage.
The gnoll closely misses you. The jackal misses you.
The jackal closely misses you. The gnoll misses you.
The gnoll hits you with a +0 whip.
The gnoll hits you from afar with a +0 halberd!
You die...

..# .... }.} ...... .
...... } }........#
...... ...........#
....g. #..........#
##...# ##.........#
##.g####.. ##.........#
##ghg...... #
#........###.h@hg....$
###........##..%........
[..........'.>#%........
###%.......##.#.........
....^......##.#.........
.......######.#.......##
.......# ####.#.......#
.......###....#.......#
........##.####......<


You could see 4 gnolls and 3 jackals.

Vanquished Creatures
  Grinder (D:3)
  A phantom (D:4)
  A hound (D:4)
  A gnoll bouda (D:4)
  A sleepcap (D:4)
  An orc wizard (D:4)
  Robin (D:2)
  4 adders
  3 gnolls (D:4)
  An ufetubus (D:4)
  A worm (D:3)
  2 dart slugs
  4 orcs
  11 ball pythons
  5 endoplasms
  A giant cockroach (D:1)
  14 goblins
  9 hobgoblins
  3 jackals
  2 quokkas
  2 bats (D:2)
  5 frilled lizards
  3 kobolds
  4 rats
81 creatures vanquished.

Notes
Turn   | Place    | Note
-------+----------+-------------------------------------------
     0 | D:1      | qw the Gargoyle Hexslinger began the quest for the Orb.
     0 | D:1      | Reached XP level 1. HP: 12/12 MP: 2/2
     0 | D:1      | 0 ||| qw: Version: 0.3-a-52-g30416fa
     0 | D:1      | 0 ||| qw: Game counter: 4750
     0 | D:1      | 0 ||| qw: Melee chars always use a shield: true
     0 | D:1      | 0 ||| qw: God list: Okawaru
     0 | D:1      | 0 ||| qw: Allow faded altars: false
     0 | D:1      | 0 ||| qw: Do Orc after clearing Dungeon:15 true
     0 | D:1      | 0 ||| qw: Do second Lair branch before Depths: true
     0 | D:1      | 0 ||| qw: Lair rune preference: random
     0 | D:1      | 0 ||| qw: Goals: Normal
     0 | D:1      | 0 ||| PLANNING D:1-11
    77 | D:1      | Reached XP level 2. HP: 16/16 MP: 3/3
   143 | D:1      | Found Jaitecit's Weapon Shoppe.
   203 | D:1      | You fall into a shaft and drop 1 floor!
   345 | D:2      | Reached skill level 3 in Ranged Weapons
   345 | D:2      | 345 ||| UPGRADING to +0 ring mail.
   355 | D:2      | 355 ||| DROPPING +0 robe.
   356 | D:2      | 356 ||| READING 2 scrolls labelled NYIN MAOTS.
   357 | D:2      | 357 ||| READING scroll labelled ZANUES LIECA.
   358 | D:2      | 358 ||| READING scroll labelled YRHYUC XISH.
   359 | D:2      | 359 ||| DROPPING scroll of poison.
   695 | D:2      | Reached XP level 3. HP: 21/21 MP: 4/4
  1011 | D:2      | Noticed Robin
  1024 | D:2      | HP: 2/21 [goblin/+0 club[Robin] (5)]
  1033 | D:2      | Reached XP level 4. HP: 5/26 MP: 5/5
  1036 | D:2      | Killed Robin
  1037 | D:2      | Reached skill level 4 in Ranged Weapons
  1197 | D:2      | Reached skill level 1 in Armour
  1311 | D:2      | Found a runed translucent door.
  1312 | D:2      | Noticed Crazy Yiuf
  1479 | D:2      | 1479 ||| UPGRADING to +1 helmet.
  1484 | D:2      | 1484 ||| READING scroll labelled KOG KUCAESK.
  1485 | D:2      | 1485 ||| READING 2 scrolls of identify.
  1485 | D:2      | 1485 ||| IDENTIFYING white potion
  1530 | D:3      | Noticed Grinder
  1530 | D:3      | Paralysed by Grinder for 5 turns
  1542 | D:3      | Paralysed by Grinder for 2 turns
  1545 | D:3      | HP: 6/26 [Grinder (1)]
  1548 | D:3      | HP: 2/26 [Grinder/nerve-wracking pain (5)]
  1562 | D:3      | Killed Grinder
  1563 | D:3      | Reached skill level 6 in Ranged Weapons
  1563 | D:3      | Reached XP level 5. HP: 5/30 MP: 6/6
  1563 | D:3      | Reached XP level 6. HP: 6/35 MP: 7/7
  1859 | D:3      | Found a runed translucent door.
  1860 | D:3      | Noticed qw's ghost (amateur MiHs)
  2308 | D:3      | 2308 ||| READING scroll labelled KAKHLIQIDEM.
  2308 | D:3      | Identified a scroll of acquirement
  2308 | D:3      | 2308 ||| ACQUIRING amulet of Cioreemp {Reflect Harm Regen+
                  | Int+2 SH+5}
  2308 | D:3      | Acquired the amulet of Cioreemp {Reflect Harm Regen+ Int+2
                  | SH+5}
  2310 | D:3      | 2310 ||| READING scroll labelled POUTHU BAOX.
  2311 | D:3      | 2311 ||| READING scroll labelled XETEME NUSMYWK.
  2312 | D:3      | 2312 ||| READING 2 scrolls of identify.
  2312 | D:3      | 2312 ||| IDENTIFYING dark potion
  2313 | D:3      | 2313 ||| DROPPING potion of berserk rage.
  2445 | D:4      | Reached skill level 3 in Fighting
  2455 | D:4      | 2455 ||| FLEEEEING.
  2456 | D:4      | 2456 ||| FLEEEEING.
  2457 | D:4      | 2457 ||| FLEEEEING.
  2462 | D:4      | 2462 ||| FLEEEEING.
  2463 | D:4      | 2463 ||| FLEEEEING.
  2464 | D:4      | 2464 ||| FLEEEEING.
  2465 | D:4      | 2465 ||| FLEEEEING.
  2513 | D:4      | Found a hide-covered altar of Uskayaw.
  2579 | D:4      | Reached XP level 7. HP: 44/44 MP: 8/8
  2770 | D:4      | 2770 ||| Stepping ~*~*~tactically~*~*~ (outnumbered).
  2780 | D:4      | HP: 7/44 [gnoll/+0 halberd[a gnoll bouda] (7)]
  2782 | D:4      | HP: 3/44 [gnoll/+0 whip[a gnoll bouda] (3)]
  2782 | D:4      | Mangled by a gnoll

Levels and vault maps discovered:
D:1:      dpeg_arrival_fog, layout_rooms, serial_shops, nicolae_lakefront_shop
D:2:      layout_loops_corners, st_stairs_3, chequers_serial_rivers_micro_a,
          uniq_crazy_yiuf_cottage, uniq_robin
D:3:      layout_loops_ring, ebering_ghost_sewer_d, kennysheep_generic_room_16,
          uniq_grinder
D:4:      layout_basic, nicolae_uskayaw_dance_hall,
          nemelex_xobeh_ov_fountains_minmay, feat_on_display

Skill      XL: |  1  2  3  4  5  6 |
---------------+-------------------+-----
Ranged Weapons | 3 6 |  6.4
Fighting       | 2 4 |  4.5
Armour         | 1 |  1.0
Dodging        | |  1.5
Spellcasting   | |  1.0
Hexes          | |  2.6

Action                     |  1- 3 |  4- 6 |  7- 9 || total
---------------------------+-------+-------+-------++-------
   Fire: Sling             |    89 |   139 |    22 ||   250
    Use: Scroll            |     3 |     6 |       ||     9
 Armour: Ring mail         |    24 |    29 |    19 ||    72
  Dodge: Dodged            |    23 |    24 |    26 ||    73

Table legend:
 A = Non-vault XP
 B = Vault XP
 C = Vault XP percentage of total XP
 D = Non-vault monster count
 E = Vault monster count
 F = Vault count percentage of total count
                 A         B        C        D         E       F
            +---------+---------+-------+---------+---------+-------
      Total |     427 |     362 |  45.9 |      62 |      19 |  23.5
            +---------+---------+-------+---------+---------+-------
        D:1 |      21 |       0 |   0.0 |      12 |       0 |   0.0
        D:2 |      49 |      62 |  55.9 |      22 |      14 |  38.9
        D:3 |      13 |     300 |  95.8 |       7 |       5 |  41.7
        D:4 |     344 |       0 |   0.0 |      21 |       0 |   0.0
            +---------+---------+-------+---------+---------+-------
